 Dungeon Crawl Stone Soup version 0.22.1-1-ga44c0e56f4 (webtiles) character file.

3731 Woms the Fighter (level 9, -1/101 HPs)
             Began as a Troll Fighter on Sept 30, 2018.
             Was a Follower of Cheibriados.
             Slain by a river rat (8 damage)
             ... summoned by Gastronok
             ... on level 8 of the Dungeon.
             The game lasted 00:29:43 (6718 turns).

Woms the Fighter (Troll Fighter)                    Turns: 6718, Time: 00:29:43

Health: -1/101     AC:  6    Str: 31    XL:     9   Next: 92%
Magic:  8/8        EV: 10    Int:  6    God:    Cheibriados [*.....]
Gold:   432        SH: 10    Dex: 16    Spells: 8/8 levels left

rFire    . . .     SeeInvis .   x - +3 flail (drain)
rCold    . . .     Gourm    +   c - +0 shield
rNeg     . . .     Faith    .   b - +1 robe
rPois    .         Spirit   .   (helmet restricted)
rElec    .         Reflect  .   (no cloak)
rCorr    +         Harm     .   (gloves unavailable)
MR       .....                  (boots unavailable)
Stlth    ++........             h - amulet of regeneration
HPRegen  1.06/turn              u - +2 ring of evasion
MPRegen  0.11/turn              B - ring "Kybotomp" {rCorr Dex+5}

@: flying, very slow
A: large, unfitting armour, claws 3, fast metabolism 3, gourmand, regeneration
1, shaggy fur 1, tough skin 2
a: Bend Time, Renounce Religion


You were on level 8 of the Dungeon.
You worshipped Cheibriados.
Cheibriados was aware of your devotion.
You were not hungry.

You visited 2 branches of the dungeon, and saw 9 of its levels.

You collected 432 gold pieces.

Inventory:

Hand Weapons
 a - a +0 flail
 j - a +0 giant club
 m - a +0 morningstar
 n - a +0 flail
 x - a +3 flail of draining (weapon)
 C - a +0 battleaxe
 D - a +1 flail of holy wrath
Armour
 b - a +1 robe (worn)
 c - a +0 shield (worn)
 d - a +0 buckler
 l - a +0 robe
Jewellery
 h - an amulet of regeneration (around neck)
 u - a +2 ring of evasion (left claw)
 y - a -2 ring of intelligence
 B - the ring "Kybotomp" (right claw) {rCorr Dex+5}
   (You found it on level 6 of the Dungeon)

   [ring of resist corrosion]

   It affects your dexterity (+5).
Wands
 w - a wand of acid (5)
 E - a wand of clouds (5)
 F - a wand of digging (11)
Scrolls
 g - 3 scrolls of enchant armour
 s - 4 scrolls of remove curse
 t - 2 scrolls of random uselessness {unknown}
 z - 2 scrolls of fog {unknown}
 A - a scroll of immolation {unknown}
 G - a scroll of amnesia {unknown}
Potions
 e - a potion of cancellation {unknown}
 i - a potion of brilliance {unknown}
 k - a potion of heal wounds {unknown}
 p - a potion of lignification {unknown}
 q - a potion of resistance {unknown}
 r - a potion of magic {unknown}
 v - a potion of mutation {unknown}
Comestibles
 f - 9 rations
 H - a chunk of flesh


   Skills:
 - Level 10.0 Fighting
 * Level 6.4 Maces & Flails
 - Level 2.4 Dodging
 - Level 3.0 Stealth
 - Level 2.4 Shields


You had 8 spell levels left.
You didn't know any spells.
Your spell library was empty.

Dungeon Overview and Level Annotations

Branches:
Dungeon (8/15)             Temple (1/1) D:4
   Lair: D:8-11

Altars:
Ashenzari
Cheibriados
Dithmenos
Elyvilon
Fedhas
Gozag
Hepliaklqana
Kikubaaqudgha
Makhleb
Nemelex Xobeh
Qazlal
Ru
Sif Muna
Trog
Vehumet
Wu Jian
Xom
Yredelemnul
Zin
The Shining One

Shops:
D:6 *

Annotations:
D:8 Gastronok


Innate Abilities, Weirdness & Mutations

You are too large for most types of armour.
You have claws for hands.
Your metabolism is lightning-fast.
You like to eat raw meat.
Your natural rate of healing is unusually fast.
You are covered in fur. (AC +1)
You have very tough skin. (AC +2)


Message History

You hit Gastronok.
Gastronok is lightly wounded.
You hit Gastronok. You drain Gastronok!
Gastronok is lightly wounded.
Gastronok waves his eye-stalks in wide circles.
The air twists around and violently strikes you in flight!
* * * LOW HITPOINT WARNING * * *
You sock Gastronok!
Gastronok is lightly wounded.
You bludgeon Gastronok!! You drain Gastronok!
Gastronok is moderately wounded.
Gastronok's eyestalks quiver as he mumbles some strange words.
You sock Gastronok!
Gastronok is heavily wounded.
You block the river rat's attack. Gastronok bites you!
* * * LOW HITPOINT WARNING * * *
You hit Gastronok but do no damage. You drain Gastronok!
Gastronok is heavily wounded.
The river rat bites you!
You die...

.# ### ##.## # ###..
.... #. ...# ##..#
#.#####..# ...
.....#..# #.# # #
#...#..####.##.##.#
#.#...#.).r@wr......#
#>....()#######...###
##?..<### .w.#
#...>.# ...# #.......
...# ..!....... ...Z
......$.... .....
..........## ......
.#.......##


You could see Gastronok, a river rat and a quokka.

Vanquished Creatures
  Joseph (D:7)
  Menkaure (D:6)
  Edmund (D:6)
  4 black bears
  A phantom (D:5)
  A sky beast (D:7)
  6 centaurs
  An ogre (D:5)
  4 bullfrogs
  Blork the orc (D:6)
  2 wyvern skeletons
  2 scorpions
  3 howler monkeys (D:8)
  An electric eel (D:7)
  4 crimson imps
  A quasit (D:7)
  A bullfrog zombie (D:7)
  2 centaur skeletons
  3 hounds
  5 orc priests
  5 jellies
  6 orc wizards
  Jessica (D:2)
  4 bullfrog skeletons
  An iguana (D:5)
  5 worker ants
  A hound zombie (D:5)
  A worker ant zombie (D:4)
  3 adders
  3 gnolls (D:4)
  2 shadow imps
  9 oozes (D:3)
  2 adder skeletons
  3 worms
  2 dart slugs
  5 leopard geckos
  20 orcs
  2 ball pythons (D:1)
  6 giant cockroaches
  9 goblins
  15 hobgoblins
  23 jackals
  4 quokkas
  8 bats
  9 frilled lizards
  11 kobolds
  2 quokka zombies
  5 rats
212 creatures vanquished.

Vanquished Creatures (others)
  2 fungi (D:3)
  4 toadstools (D:3)
6 creatures vanquished.

Grand Total: 218 creatures vanquished

Notes
Turn   | Place    | Note
-------+----------+-------------------------------------------
     0 | D:1      | Woms the Troll Fighter began the quest for the Orb.
     0 | D:1      | Reached XP level 1. HP: 22/22 MP: 0/0
    85 | D:1      | Reached skill level 3 in Fighting
    85 | D:1      | Reached XP level 2. HP: 29/31 MP: 1/1
   339 | D:1      | Reached XP level 3. HP: 37/37 MP: 2/2
   974 | D:2      | Noticed Jessica
   983 | D:2      | Killed Jessica
   983 | D:2      | Reached skill level 4 in Fighting
   983 | D:2      | Reached XP level 4. HP: 28/48 MP: 3/3
  1481 | D:2      | Found a shattered altar of Ashenzari.
  2001 | D:3      | Reached XP level 5. HP: 55/55 MP: 4/4
  2123 | D:3      | Reached skill level 5 in Fighting
  2135 | D:3      | Reached skill level 1 in Stealth
  2138 | D:3      | Reached XP level 6. HP: 30/66 MP: 5/5
  2652 | D:4      | Reached skill level 6 in Fighting
  2799 | D:4      | Reached XP level 7. HP: 75/75 MP: 6/6
  2840 | D:4      | Found a staircase to the Ecumenical Temple.
  2846 | Temple   | Entered the Ecumenical Temple
  3010 | D:4      | Found a radiant altar of Vehumet.
  3011 | D:4      | Found a glowing silver altar of Zin.
  3213 | D:5      | Entered Level 5 of the Dungeon
  3638 | D:5      | Reached skill level 7 in Fighting
  3967 | D:5      | Reached XP level 8. HP: 49/87 MP: 7/7
  4225 | D:5      | Found a shattered altar of Ashenzari.
  4225 | D:5      | Found a deep blue altar of Sif Muna.
  4632 | D:6      | Noticed Menkaure
  4643 | D:6      | Killed Menkaure
  4643 | D:6      | Reached skill level 8 in Fighting
  4713 | D:6      | Found an opulent altar of Gozag.
  4857 | D:6      | Got a shimmering amber ring
  4875 | D:6      | Found a bloodstained altar of Trog.
  4940 | D:6      | Noticed Blork the orc
  4948 | D:6      | Killed Blork the orc
  5051 | D:6      | Reached skill level 9 in Fighting
  5171 | D:6      | Noticed Edmund
  5182 | D:6      | Killed Edmund
  5182 | D:6      | Reached XP level 9. HP: 94/98 MP: 8/8
  5507 | D:6      | Found Gozag's Platinum Reserve.
  5843 | D:7      | Identified the ring "Kybotomp" {rCorr Dex+5} (You found it
                  | on level 6 of the Dungeon)
  6008 | D:7      | Noticed Joseph
  6023 | D:7      | Killed Joseph
  6090 | D:7      | Found a snail-covered altar of Cheibriados.
  6100 | D:7      | Became a worshipper of Cheibriados the Contemplative
  6102 | D:7      | Found a sacrificial altar of Ru.
  6142 | D:7      | Reached skill level 10 in Fighting
  6215 | D:7      | Reached skill level 5 in Maces & Flails
  6648 | D:8      | Reached * piety under Cheibriados
  6676 | D:8      | Noticed Gastronok
  6718 | D:8      | Slain by a river rat

Skill      XL: |  1  2  3  4  5  6  7  8  9 |
---------------+----------------------------+-----
Fighting       | 3 4 5 6 7 9 10 | 10.0
Stealth        | 1 2 3 |  3.0
Maces & Flails | 6 |  6.4
Dodging        | |  2.4
Shields        | |  2.4

Action                   |  1- 3 |  4- 6 |  7- 9 || total
-------------------------+-------+-------+-------++-------
Melee: Flail             |   128 |   263 |   397 ||   788
  Use: Scroll            |       |     3 |     4 ||     7
       Potion            |       |     1 |     6 ||     7
 Stab: Sleeping          |     1 |     3 |     6 ||    10
  Eat: Chunk             |    11 |    21 |    20 ||    52
       Ration            |       |       |     4 ||     4
Armor: Robe              |    42 |    95 |   155 ||   292
Dodge: Dodged            |    40 |    93 |   195 ||   328
Block: Shield            |    57 |   137 |   246 ||   440
